AoeStats
← Thewanderero

Coastal Forest

503377875Analyzed
4v4 RM · 1mo ago on Aug 31, 2026· 28m 5s· 8 players
Game mode
Random Map
Map size
Large (8 player)
Population
200
Speed
Normal
Resources
Standard
Victory
Conquest
Starting age
Dark Age
Ending age
Imperial Age
RankedLock teamsTeams togetherTeam positionsShared explorationLock speedFull tech treeHidden civsTurbo modeCheats
Victory
Defeat
🇨🇴 Mongols · Colombia
1220
+10
🇨🇴 Japanese · Colombia
1183
+11
🇹🇷 Spanish · Türkiye
1124
+14
🇧🇾 Poles · Belarus
1041
+17
🇨🇳 Franks · China
1112
-15
🇪🇸 Bengalis · Spain
1099
-14
🇹🇼 Poles · Taiwan
1052
-12
🇹🇼 Britons · Taiwan
1023
-11
945100118
10:22 Feudal Age
14:18 Castle Age
12:57 Double-Bit Axe
jameskobecp6
10:49 Feudal Age
11:36 Horse Collar
11:42 Double-Bit Axe
12:14 Loom
14:23 Stone Mining
16:10 Fletching
25:37 Castle Age
23:49 Gold Mining
26:50 Bodkin Arrow
Manolo el Cucarachas
3:36 Loom
13:31 Feudal Age
15:02 Man-at-Arms
secret_marker
4:54 Loom
12:34 Feudal Age
12:56 Horse Collar
14:00 Wheelbarrow
14:13 Double-Bit Axe
20:26 Padded Archer Armor
24:21 Castle Age
24:13 Scale Mail Armor
24:23 Forging
25:09 Pikeman
Baphomet
8:59 Feudal Age
12:27 Bloodlines
14:09 Double-Bit Axe
14:09 Horse Collar
23:15 Castle Age
21:53 Fletching
22:05 Padded Archer Armor
23:14 Forging
23:44 Scale Barding Armor
23:36 Light Cavalry
24:32 Husbandry
25:27 Gold Mining
28:06 Heavy Plow
28:56 Chain Barding Armor
ian.7473
7:17 Loom
9:51 Feudal Age
10:01 Man-at-Arms
12:34 Double-Bit Axe
20:51 Castle Age
20:06 Gold Mining
19:59 Horse Collar
23:29 Wheelbarrow
27:13 Bow Saw
27:36 Stone Mining
Thewanderero
10:20 Loom
12:06 Feudal Age
13:15 Double-Bit Axe
14:58 Bloodlines
15:34 Horse Collar
17:05 Scale Barding Armor
17:11 Forging
17:28 Fishing Lines
24:30 Castle Age
24:56 Light Cavalry
25:37 Husbandry
28:29 Chain Barding Armor
28:44 Iron Casting
FALCON
10:31 Feudal Age
15:21 Castle Age
15:38 Padded Archer Armor
15:34 Fletching
Connection lost

Rejoining the realm…

Still unreachable

The connection could not be restored.

Session expired

The server has moved on; the page needs a fresh start.